 Dungeon Crawl Stone Soup version 0.24-a0-235-g3f03afc (webtiles) character file.

Game seed: 526186417360092894

93 technobutter the Poker (level 4, 0/37 HPs)
             Began as a Merfolk Fighter on Apr 6, 2019.
             Succumbed to an adder's poison
             ... on level 3 of the Dungeon.
             The game lasted 00:07:57 (1060 turns).

technobutter the Poker (Merfolk Fighter)            Turns: 1060, Time: 00:07:57

Health: 0/37       AC:  6    Str: 16    XL:     4   Next: 62%
Magic:  4/4        EV:  7    Int:  7    God:
Gold:   77         SH:  9    Dex: 14    Spells: 3/3 levels left

rFire    . . .     SeeInvis .   a - +0 trident
rCold    . . .     Gourm    +   c - +0 shield
rNeg     . . .     Faith    .   b - +0 scale mail
rPois    .         Spirit   .   (no helmet)
rElec    .         Reflect  .   (no cloak)
rCorr    .         Harm     .   (no gloves)
MR       .....                  (no boots)
Stlth    ..........             i - amulet of the gourmand
HPRegen  0.12/turn              (no ring)
MPRegen  0.09/turn              (no ring)

@: lethally poisoned (0 -> -4), flying (expiring)
A: change form in water, swift swim, stealthy swim
a: no special abilities


You were on level 3 of the Dungeon.
You were hungry.

You visited 1 branch of the dungeon, and saw 3 of its levels.

You collected 77 gold pieces.

Inventory:

Hand Weapons
 a - a +0 trident (weapon)
 k - a +0 club
Armour
 b - a +0 scale mail (worn)
 c - a +0 shield (worn)
Jewellery
 i - an amulet of the gourmand (around neck)
Scrolls
 e - a scroll of identify
 j - a scroll of remove curse
Potions
 d - a potion of might
 g - a potion of mutation
 l - a potion of agility {unknown}
 m - a potion of flight
 o - a potion of ambrosia {unknown}
Comestibles
 f - 4 rations


   Skills:
 + Level 3.8 Fighting
 + Level 4.6 Polearms
 + Level 2.6 Armour
 + Level 1.0 Dodging
 + Level 3.6 Shields


You had 3 spell levels left.
You didn't know any spells.
Your spell library contained the following spells:

 Spells                   Type           Power        Failure   Level  Hunger
 Poison Arrow             Conj/Pois      #.........   100%        6    #######
 Chain Lightning          Conj/Air       #.........   100%        8    #######
 Lehudib's Crystal Spear  Conj/Erth      #.........   100%        8    #######
 Fire Storm               Conj/Fire      #.........   100%        9    #######
 Glaciate                 Conj/Ice       #.........   100%        9    #######


Dungeon Overview and Level Annotations

Branches:
Dungeon (3/15)

Altars:

Annotations:
D:3 Grinder


Message History

As you read the scroll labeled ZAICLOD DIACE, it crumbles to dust.
You feel blessed for a moment.
It was a scroll of remove curse.
The hobgoblin hits you but does no damage.
You block the hobgoblin's attack.
As you read the scroll labeled ASEIPI NUAFF, it crumbles to dust.
The scroll dissolves into smoke.
It was a scroll of fog.
You block the jackal's attack. The worm bites you but does no damage.
The hobgoblin hits you but does no damage.
You block the jackal's attack. The hobgoblin hits you with a +0 club.
* * * LOW HITPOINT WARNING * * *
You are starting to lose your buoyancy.
The worm bites you but does no damage. You block the hobgoblin's attack.
The adder bites you.
* * * LOW HITPOINT WARNING * * *
You are lethally poisoned!
The adder poisons you! The jackal bites you.
* * * LOW HITPOINT WARNING * * *
You puncture the adder!
The adder is severely wounded.
You die...

*,*****,* *,*,***,*
*,*,,,,,* *****
*,*,****************,,,,
*,,,,,,,,,,,,,,,,,,,,,,,
***,****************,,,, #,*
*****,,,, ***###.######
*,,,,*+** *,,.....hS@.#
*,,,,*,* *,,.....§whg#
*,,,,*,* *,,.....§g§§#
*****,,,,*,** *,,.....§§§§#
*,,,*,,,,*,*, *,,........§#
*,,,*,,,,*,*, *,,.........#
*,,,*,,,,*,*,
**,,.........#**,,,*,,,,*,*,
*,,,..........,+,,,+,,,,+,+>
*,**###.######**,,,*,,,,*,*,


You could see a worm, an adder, 2 jackals and 2 hobgoblins.

Vanquished Creatures
  A gnoll (D:1)
  4 adders (D:2)
  A worm (D:2)
  A dart slug (D:1)
  3 bats (D:1)
  3 giant cockroaches (D:1)
  5 goblins
  6 hobgoblins
  3 jackals (D:1)
  3 ball pythons (D:2)
  5 frilled lizards
  5 kobolds
  5 rats
45 creatures vanquished.

Notes
Turn   | Place    | Note
-------+----------+-------------------------------------------
     0 | D:1      | technobutter the Merfolk Fighter began the quest for the
                  | Orb.
     0 | D:1      | Reached XP level 1. HP: 18/18 MP: 1/1
    28 | D:1      | Reached XP level 2. HP: 23/24 MP: 2/2
   140 | D:1      | Reached XP level 3. HP: 24/29 MP: 3/3
   461 | D:2      | Reached skill level 4 in Polearms
   468 | D:2      | Reached XP level 4. HP: 37/37 MP: 4/4
   624 | D:2      | Reached skill level 1 in Dodging
  1032 | D:3      | Noticed Grinder
  1059 | D:3      | HP: 1/37 [jackal (1)]
  1060 | D:3      | Succumbed to an adder's poison

Levels and vault maps discovered:
D:1:      psy_arrival_dodecagon, layout_rooms, st_stairs_7
D:2:      layout_rooms, first_ration
D:3:      layout_basic, uniq_grinder

Skill      XL: |  1  2  3  4 |
---------------+-------------+-----
Polearms       | 4 |  4.6
Dodging        | 1 |  1.0
Fighting       | |  3.8
Armour         | |  2.6
Shields        | |  3.6

Action                   |  1- 3 |  4- 6 || total
-------------------------+-------+-------++-------
Melee: Trident           |    91 |    48 ||   139
  Use: Scroll            |     1 |     3 ||     4
       Potion            |       |     1 ||     1
Armor: Scale mail        |    31 |    26 ||    57
Dodge: Dodged            |    16 |    18 ||    34
Block: Shield            |    46 |    31 ||    77

Table legend:
 A = Non-vault XP
 B = Vault XP
 C = Vault XP percentage of total XP
 D = Non-vault monster count
 E = Vault monster count
 F = Vault count percentage of total count
                 A         B        C        D         E       F
            +---------+---------+-------+---------+---------+-------
      Total |     131 |       3 |   2.2 |      43 |       2 |   4.4
            +---------+---------+-------+---------+---------+-------
        D:1 |      51 |       3 |   5.6 |      21 |       2 |   8.7
        D:2 |      80 |       0 |   0.0 |      22 |       0 |   0.0
            +---------+---------+-------+---------+---------+-------
